 Dungeon Crawl Stone Soup version 0.20.0-15-g7f486f2 (webtiles) character file.

253 greprep the Grave Robber (level 5, -10/42 HPs)
             Began as a Deep Dwarf Necromancer on June 29, 2017.
             Killed from afar by a jackal (18 damage)
             ... with an exploding inner flame
             ... hexed by the player character
             ... on level 4 of the Dungeon.
             The game lasted 00:15:57 (4116 turns).

greprep the Grave Robber (Deep Dwarf Necromancer)   Turns: 4116, Time: 00:15:57

Health: -10/42     AC:  5    Str: 12    XL:     5   Next: 90%
Magic:  4/7        EV: 13    Int: 16    God:
Gold:   254        SH:  0    Dex: 13    Spells: 3/7 levels left

rFire    . . .     SeeInvis .   v - +0 hand axe
rCold    . . .     Gourm    .   (no shield)
rNeg     . . .     Faith    .   a - +0 robe
rPois    .         Spirit   .   (no helmet)
rElec    .         Reflect  .   e - +1 cloak
rCorr    .         Harm     .   (no gloves)
MR       .....                  c - +0 pair of boots
Stlth    ++........             (no amulet)
Regen    0.0/turn               (no ring)
MPRegen  0.1/turn               (no ring)

@: about to teleport, non-regenerating, drained
A: damage resistance, heal wounds, sense surroundings 1, no regeneration
a: Heal Wounds


You were on level 4 of the Dungeon.
You were near starving.

You visited 1 branch of the dungeon, and saw 5 of its levels.

You collected 254 gold pieces.

Inventory:

Hand Weapons
 v - a +0 hand axe (weapon)
Armour
 a - a +0 robe (worn)
 c - a +0 pair of boots (worn)
 e - a +1 cloak (worn)
Scrolls
 g - 3 scrolls of remove curse
 h - a scroll of amnesia {unknown}
 j - a scroll of enchant armour
 q - a scroll of identify {unknown}
 u - a scroll of magic mapping {unknown}
Potions
 d - a potion of curing
 i - 2 potions of mutation {unknown}
 m - a potion of haste {unknown}
 r - a potion of brilliance {unknown}
 t - a potion of degeneration {unknown}
Books
 b - a book of Necromancy

   Spells                             Type                      Level
   a - Pain                           Necromancy                   1
   b - Animate Skeleton               Necromancy                   1
   c - Vampiric Draining              Necromancy                   3
   d - Regeneration                   Charms/Necromancy            3
   e - Animate Dead                   Necromancy                   4
   f - Control Undead                 Necromancy                   4
 s - a book of Minor Magic

   Spells                             Type                      Level
   a - Magic Dart                     Conjuration                  1
   b - Blink                          Translocation                2
   c - Call Imp                       Summoning                    2
   d - Slow                           Hexes                        2
   e - Conjure Flame                  Conjuration/Fire             3
   f - Mephitic Cloud                 Conjuration/Poison/Air       3
Comestibles
 o - 2 royal jellies
 p - a fruit


   Skills:
 + Level 1.9(0.9) Axes
 + Level 4.1(3.1) Dodging
 - Level 2.4(1.4) Stealth
 - Level 1.7(0.8) Spellcasting
 + Level 6.6(5.5) Necromancy


You had 3 spell levels left.
You knew the following spells:

 Your Spells              Type           Power        Failure   Level  Hunger
a - Pain                  Necr           ###.         2%          1    ##.....
b - Vampiric Draining     Necr           ###.......   7%          3    ####...


Dungeon Overview and Level Annotations

Branches:
Dungeon (5/15)
 Temple: D:4-7

Altars:
Dithmenos
Fedhas
Gozag
Qazlal


Innate Abilities, Weirdness & Mutations

You are resistant to damage.
You can heal yourself by infusing magical energy.
You passively map a small area around you.
You do not regenerate.


Message History

The adder misses you. The jackal bites you.
As you read the scroll labeled INOAR FEIRRIYV, it crumbles to dust.
The creatures around you are filled with an inner flame!
It was a scroll of immolation.
The jackal pauses to sniff the ground.
The jackal bites you but does no damage.
The jackal closely misses you.
As you read the scroll labeled VUODERR LANUCS, it crumbles to dust.
You feel strangely unstable.
It was a scroll of teleportation.
The jackal bites you but does no damage.
Unknown command.
Casting: Vampiric Draining
Confirm with . or Enter, or press ? or * to list all spells.
Aiming: Vampiric Draining
Press: ? - help, Shift-Dir - straight line, f - jackal
Aim: a jackal (inner flame)
The jackal explodes!
The fiery explosion engulfs you!
You die...

#..# #..# , ##..# * ,
, , #...# * ###...# ..
, ......# ...,.....
...<.## #### #.##.....
###### ###
#.#.##.##.....
#@###.##.#.##.....
##ยง#...w......#...
#S#..........#... * *
#Za.a...g........ * *
*#....#.#........... *
, ,,
......######....##....
,, <...## ##.#..##...
...# #!####...#. *###*
##* #####.


You could see a worker ant, an adder (inner flame) and a bullfrog skeleton
(inner flame).

Vanquished Creatures
  A big kobold (D:3)
  A worker ant (D:3)
  A hound zombie (D:5)
  Robin (D:3)
  3 adders
  An ooze (D:1)
  A worm (D:2)
  A leopard gecko (D:1)
  8 orcs
  11 bats
  2 giant cockroaches
  13 goblins
  19 hobgoblins
  6 jackals
  5 frilled lizards
  7 kobolds
  A quokka skeleton (D:4)
  8 rats
90 creatures vanquished.

Notes
Turn   | Place    | Note
-------+----------+-------------------------------------------
     0 | D:1      | greprep the Deep Dwarf Necromancer began the quest for the Orb.
     0 | D:1      | Reached XP level 1. HP: 15/15 MP: 3/3
   170 | D:1      | Reached XP level 2. HP: 22/22 MP: 2/4
   473 | D:1      | Reached skill level 5 in Necromancy
   862 | D:2      | Reached XP level 3. HP: 28/28 MP: 3/5
   898 | D:2      | Learned a level 3 spell: Vampiric Draining
  2102 | D:2      | Found an opulent altar of Gozag.
  2443 | D:3      | Found a shadowy altar of Dithmenos.
  2453 | D:3      | Found a blossoming altar of Fedhas.
  2456 | D:3      | Reached XP level 4. HP: 28/36 MP: 0/6
  2479 | D:3      | Found a stormy altar of Qazlal.
  2942 | D:3      | Noticed Robin
  3036 | D:3      | Killed Robin
  3052 | D:3      | Reached skill level 6 in Necromancy
  3191 | D:3      | Reached XP level 5. HP: 39/42 MP: 0/7
  3623 | D:3      | Reached skill level 1 in Axes
  3966 | D:5      | Entered Level 5 of the Dungeon
  4108 | D:4      | Noticed an ogre
  4116 | D:4      | Killed from afar by a jackal

Skill      XL: |  1  2  3  4  5 |
---------------+----------------+-----
Necromancy     | 5 6 |  6.6
Dodging        | 3 4 |  4.1
Axes           | 1 |  1.9
Stealth        | |  2.4
Spellcasting   | |  1.7

Action                   |  1- 3 |  4- 6 || total
-------------------------+-------+-------++-------
Melee: Unarmed           |    99 |    33 ||   132
       Spear             |    23 |       ||    23
       Hand axe          |       |   120 ||   120
 Cast: Pain              |    64 |     2 ||    66
       Vampiric Draining |    14 |    26 ||    40
 Abil: Heal Wounds       |     1 |       ||     1
  Use: Scroll            |     2 |     3 ||     5
       Potion            |       |     5 ||     5
 Stab: Sleeping          |     2 |       ||     2
       Distracted        |     1 |       ||     1
  Eat: Chunk             |     1 |     5 ||     6
       Meat ration       |     1 |       ||     1
       Bread ration      |     1 |       ||     1
Armor: Robe              |    72 |    65 ||   137
Dodge: Dodged            |   207 |   145 ||   352
